 Dungeon Crawl Stone Soup version 0.25-a0-566-g062765b (webtiles) character file.

Game seed: 9619003949935132716, levelgen mode: deterministic

46 15 the Caller (level 3, -2/26 HPs)
             Began as a Barachi Summoner on Feb 28, 2020.
             Slain by Robin
             ... wielding a +0 vorpal falchion
              (4 damage)
             ... on level 2 of the Dungeon.
             The game lasted 00:06:09 (1632 turns).

15 the Caller (Barachi Summoner)                    Turns: 1632, Time: 00:06:10

Health: -2/26      AC:  4    Str: 10    XL:     3   Next: 68%
Magic:  1/7        EV: 13    Int: 15    God:
Gold:   40         SH:  0    Dex: 12    Spells: 4/7 levels left

rFire    . . .     SeeInvis .   e - +0 dagger
rCold    . . .     Gourm    .   (no shield)
rNeg     . . .     Faith    .   a - +1 robe
rPois    .         Spirit   .   (no helmet)
rElec    .         Reflect  .   (no cloak)
rCorr    .         Harm     .   (no gloves)
MR       .....                  i - +0 pair of boots
Stlth    ++........             (no amulet)
HPRegen  0.08/turn              (no ring)
MPRegen  0.10/turn              (no ring)

@: slow
A: +LOS, swims, slowness 1, strong legs 1
a: Hop


You were on level 2 of the Dungeon.
You were not hungry.

You visited 1 branch of the dungeon, and saw 2 of its levels.

You collected 40 gold pieces.

Inventory:

Hand Weapons
 e - a +0 dagger (weapon)
 m - a cursed -3 spear
Armour
 a - a +1 robe (worn)
 b - a +0 buckler
 g - a cursed +0 robe
 i - a +0 pair of boots (worn)
Scrolls
 d - a scroll of fear
 h - 2 scrolls of enchant armour
Potions
 j - a potion of heal wounds {unknown}
Comestibles
 c - 2 rations
 k - 3 chunks of flesh


   Skills:
 * Level 1.5 Fighting
 + Level 0.2 Short Blades
 * Level 0.5 Armour
 * Level 2.6 Dodging
 + Level 1.8 Stealth
 * Level 0.5 Shields
 + Level 0.2 Unarmed Combat
 * Level 2.7 Spellcasting
 + Level 5.1 Summonings


You had 4 spell levels left.
You knew the following spells:

 Your Spells              Type           Power        Failure   Level  Hunger
a - Summon Small Mammal   Summ           ###.         2%          1    #......
b - Call Imp              Summ           ###.....     3%          2    ##.....

Your spell library contained the following spells:

 Spells                   Type           Power        Failure   Level  Hunger
 Call Canine Familiar     Summ           ###.....     8%          3    ###....
 Summon Guardian Golem    Hex/Summ       #.......     22%         3    ###....
 Summon Ice Beast         Ice/Summ       #.......     56%         4    #####..
 Summon Lightning Spire   Summ/Air       #.......     56%         4    #####..


Dungeon Overview and Level Annotations

Branches:
Dungeon (2/15)

Altars:

Annotations:
D:2 Robin


Innate Abilities, Weirdness & Mutations

You can be seen from farther away. (+LOS)
You can swim through water.
You cover ground slowly.
You can hop short distances.


Message History

Your bat closely misses Robin. x2; Robin completely misses your bat.
You swap places.
Robin closely misses you.
You hit Robin.
Robin is lightly wounded.
Robin closely misses you.
You hit Robin but do no damage.
Robin is lightly wounded.
Robin closely misses you.
You hit Robin.
Robin is lightly wounded.
Robin hits you with a +0 vorpal falchion.
* * * LOW HITPOINT WARNING * * *
x2 You hit Robin but do no damage.
Robin is lightly wounded.
Robin hits you with a +0 vorpal falchion.
* * * LOW HITPOINT WARNING * * *
x2 You hit Robin but do no damage.
Robin is lightly wounded.
Robin hits you with a +0 vorpal falchion.
You die...

###### #....#
######<##.###...
#.......#.......
#....(...#
#......#r# #
#......#b# ..
#...)..#@# ...
#...)..#g# ....
#......#(# g....
#......#.# #.......
#......).###.......
#......)..)).......
##..####.).).......
#.## #...........
##.#####...........


You could see Robin, a friendly quokka and a friendly bat.

Vanquished Creatures
  A giant cockroach (D:1)
  3 goblins (D:2)
  2 hobgoblins
  2 jackals (D:1)
  2 bats (D:1)
  2 frilled lizards
  A kobold (D:1)
  3 rats (D:1)
16 creatures vanquished.

Vanquished Creatures (collateral kills)
  A worm (D:2)
  A dart slug (D:2)
  A leopard gecko (D:2)
  2 giant cockroaches
  7 goblins (D:2)
  8 hobgoblins
  2 jackals (D:1)
  6 kobolds
  2 bats (D:1)
  3 rats
33 creatures vanquished.

Grand Total: 49 creatures vanquished

Notes
Turn   | Place    | Note
-------+----------+-------------------------------------------
     0 | D:1      | 15 the Barachi Summoner began the quest for the Orb.
     0 | D:1      | Reached XP level 1. HP: 13/13 MP: 3/3
    27 | D:1      | Reached skill level 5 in Summonings
   484 | D:1      | Reached XP level 2. HP: 13/20 MP: 0/5
   490 | D:1      | Learned a level 2 spell: Call Imp
   515 | D:1      | Reached skill level 1 in Fighting
  1222 | D:2      | Reached XP level 3. HP: 17/26 MP: 2/6
  1593 | D:2      | Noticed Robin
  1632 | D:2      | Slain by Robin

Levels and vault maps discovered:
D:1:      dpeg_arrival_simpleton_c, layout_basic
D:2:      layout_rooms, gammafunk_temple_overflow_wave, lemuel_statue_altar,
          uniq_robin

Skill      XL: |  1  2 |
---------------+-------+-----
Summonings     | 5 |  5.1
Fighting       | 1 |  1.5
Short Blades   | |  0.2
Armour         | |  0.5
Dodging        | |  2.6
Stealth        | |  1.8
Shields        | |  0.5
Unarmed Combat | |  0.2
Spellcasting   | |  2.7

Action                   || total
-------------------------++-------
Melee: Dagger            ||   121
       Unarmed           ||    12
 Cast: Summon Small Mamm ||    17
       Call Imp          ||    16
  Use: Scroll            ||     5
       Potion            ||     1
 Stab: Sleeping          ||     4
  Eat: Chunk             ||     4
Armor: Robe              ||    38
Dodge: Dodged            ||   110

Table legend:
 A = Non-vault XP
 B = Vault XP
 C = Vault XP percentage of total XP
 D = Non-vault monster count
 E = Vault monster count
 F = Vault count percentage of total count
                 A         B        C        D         E       F
            +---------+---------+-------+---------+---------+-------
      Total |      50 |      17 |  25.4 |      37 |      12 |  24.5
            +---------+---------+-------+---------+---------+-------
        D:1 |      30 |       0 |   0.0 |      24 |       0 |   0.0
        D:2 |      20 |      17 |  45.9 |      13 |      12 |  48.0
            +---------+---------+-------+---------+---------+-------
